 Dungeon Crawl Stone Soup version 0.20.1-1-g8b1a95d (webtiles) character file.

1293 Peloso the Slasher (level 8, -1/61 HPs)
             Began as a Demonspawn Fighter on Oct 15, 2017.
             Was a Believer of Okawaru.
             Splashed by Pikel's acid (10 damage)
             ... on level 6 of the Dungeon.
             The game lasted 00:13:26 (4127 turns).

Peloso the Slasher (Demonspawn Fighter)             Turns: 4127, Time: 00:13:32

Health: -1/61      AC: 15    Str: 18    XL:     8   Next: 30%
Magic:  8/8        EV:  4    Int:  9    God:    Okawaru [**....]
Gold:   236        SH: 10    Dex: 14    Spells: 7/7 levels left

rFire    + . .     SeeInvis .   A - +1 falchion "Ufokeu" {flame, MR+}
rCold    + . .     Gourm    .   c - +0 shield
rNeg     . . .     Faith    +   o - +0 plate armour
rPois    .         Spirit   .   (no helmet)
rElec    .         Reflect  .   z - scarf {repulsion}
rCorr    .         Harm     .   (gloves unavailable)
MR       +....                  e - +0 pair of boots
Stlth    ..........             b - amulet of faith
Regen    0.2/turn               B - ring of protection from fire
MPRegen  0.2/turn               m - ring of protection from cold

@: repel missiles
A: claws 3, icy blue scales 1, spiny 1
a: Heroism, Renounce Religion


You were on level 6 of the Dungeon.
You worshipped Okawaru.
Okawaru was pleased with you.
You were not hungry.

You visited 1 branch of the dungeon, and saw 6 of its levels.
You also visited: Sewer.

You collected 372 gold pieces.
You spent 136 gold pieces at shops.

Inventory:

Hand Weapons
 a - a +0 long sword
 A - the +1 falchion "Ufokeu" (weapon) {flame, MR+}
   (You bought it in a shop on level 5 of the Dungeon)

   It has been specially enchanted to burn those struck by it, causing extra
   injury to most foes and up to half again as much damage against particularly
   susceptible opponents.
   Big, fiery blades are also staple armaments of hydra-hunters.
   It affects your resistance to hostile enchantments.
Armour
 c - a +0 shield (worn)
 e - a +0 pair of boots (worn)
 o - a +0 plate armour (worn)
 z - a scarf of repulsion (worn)
Jewellery
 b - an amulet of faith (around neck)
 m - a ring of protection from cold (right claw)
 q - an uncursed ring of ice
 B - a ring of protection from fire (left claw)
Scrolls
 n - a scroll of fog {unknown}
 p - 3 scrolls of remove curse {unknown}
 t - a scroll of random uselessness {unknown}
 v - 6 scrolls of teleportation {unknown}
Potions
 d - 2 potions of might
 h - a potion of resistance
 j - 3 potions of berserk rage
 k - 6 potions of curing
 l - 2 potions of haste
 s - a potion of invisibility {unknown}
 u - 2 potions of brilliance {unknown}
 w - 2 potions of flight {unknown}
 x - a potion of agility {unknown}
 D - a potion of magic {unknown}
Books
 g - a book of Changes

   Spells                             Type                      Level
   a - Beastly Appendage              Transmutation                1
   b - Sticks to Snakes               Transmutation                2
   c - Spider Form                    Transmutation/Poison         3
   d - Ice Form                       Ice/Transmutation            4
   e - Blade Hands                    Transmutation                5
 y - the Catalogue of Love and Death
   (You found it on level 4 of the Dungeon)

   Spells                             Type                      Level
   a - Ozocubu's Armour               Charms/Ice                   3
   b - Static Discharge               Conjuration/Air              3
   c - Excruciating Wounds            Charms/Necromancy            5
Comestibles
 f - 3 bread rations
 i - 2 royal jellies
 C - a chunk of flesh


   Skills:
 + Level 4.4 Fighting
 + Level 5.9 Long Blades
 + Level 5.0 Armour
 + Level 1.5 Dodging
 + Level 1.0 Stealth
 + Level 5.2 Shields


You had 7 spell levels left.
You didn't know any spells.

Dungeon Overview and Level Annotations

Branches:
Dungeon (6/15)             Temple (0/1) D:6

Altars:
Fedhas
Hepliaklqana
Okawaru
Ru
Sif Muna
Trog
The Shining One

Shops:
D:5 (

Annotations:
D:6 Pikel


Innate Abilities, Weirdness & Mutations

You have claws for hands.
You are partially covered in icy blue scales. (AC +2)
You are partially covered in sharp spines.


Message History

You barely miss Pikel.
Pikel zaps a wand.
The bolt of acid hits you!
You are splashed with acid!
The acid burns!
You closely miss Pikel.
Pikel hits you with a whip of electrocution.
* * * LOW HITPOINT WARNING * * *
You closely miss Pikel.
You hear a shout!
You block Pikel's attack.
Your plate armour prevents you from hitting Pikel.
Pikel hits you with a whip of electrocution.
* * * LOW HITPOINT WARNING * * *
You feel much better. Pikel is struck by your spines.
Pikel hits you but does no damage.
You are electrocuted!
You hit Pikel but do no damage.
Pikel is lightly wounded.
Pikel cracks his whip.
Pikel zaps a wand.
The bolt of acid hits you!
* * * LOW HITPOINT WARNING * * *
You are splashed with acid!
The acid burns!
You die...

..# . ..# .. ..##.##
......# ########
..##..#### ..#...#
.†.......# ...⌠.# #
...####..# #...# Z#
....#.#..######.## K##
.#.#.#...#...#..@#.!.#
...####....⌠...⌠.Kp>.#
##.......#...#...#p..#
####....######.######
###### ...# ..⌠...
.#...#.. ##########


You could see Pikel and 2 slaves.

Vanquished Creatures
  Grinder (D:5)
  Edmund (D:5)
  A sky beast (D:6)
  2 ogres
  A centaur (D:5)
  A bullfrog (D:6)
  A scorpion (D:5)
  A howler monkey (D:4)
  3 hounds (D:4)
  A jelly (D:5)
  An orc priest (D:5)
  A bullfrog skeleton (D:5)
  3 worker ants
  A hound zombie (D:5)
  A hound skeleton (D:4)
  6 adders
  2 shadow imps
  7 oozes
  An adder zombie (D:5)
  2 adder skeletons
  2 worms
  2 dart slugs
  5 leopard geckos
  9 orcs
  18 bats
  5 giant cockroaches
  5 goblins
  11 hobgoblins
  7 jackals
  4 quokkas
  3 ball pythons
  4 frilled lizards (D:2)
  4 kobolds
  A leopard gecko skeleton (D:4)
  9 rats
127 creatures vanquished.

Notes
Turn   | Place    | Note
-------+----------+-------------------------------------------
     0 | D:1      | Peloso the Demonspawn Fighter began the quest for the Orb.
     0 | D:1      | Reached XP level 1. HP: 18/18 MP: 1/1
   409 | D:1      | Gained mutation: You are partially covered in sharp spines. [demonic ancestry]
   409 | D:1      | Reached XP level 2. HP: 10/24 MP: 2/2
   892 | D:2      | Gained mutation: You have sharp fingernails. [demonic ancestry]
   892 | D:2      | Reached XP level 3. HP: 29/29 MP: 3/3
  1033 | D:2      | Found a bloodstained altar of Trog.
  1229 | D:3      | Found a glowing drain.
  1254 | Sewer    | Entered a sewer
  1257 | Sewer    | Reached skill level 1 in Dodging
  1263 | Sewer    | Gained mutation: You are partially covered in icy blue scales. (AC +2) [demonic ancestry]
  1263 | Sewer    | Reached XP level 4. HP: 28/35 MP: 4/4
  2063 | D:3      | Gained mutation: You have very sharp fingernails. [demonic ancestry]
  2063 | D:3      | Reached XP level 5. HP: 37/41 MP: 5/5
  2550 | D:3      | Found an iron altar of Okawaru.
  2570 | D:3      | Became a worshipper of Warmaster Okawaru
  2732 | D:4      | Found a glowing golden altar of the Shining One.
  2764 | D:4      | Identified the Catalogue of Love and Death
  2800 | D:4      | Gained mutation: You have claws for hands. [demonic ancestry]
  2800 | D:4      | Reached XP level 6. HP: 40/48 MP: 6/6
  2929 | D:4      | Found a sacrificial altar of Ru.
  3339 | D:5      | Entered Level 5 of the Dungeon
  3374 | D:4      | Reached * piety under Okawaru
  3445 | D:5      | Reached XP level 7. HP: 42/54 MP: 7/7
  3480 | D:5      | Found a blossoming altar of Fedhas.
  3519 | D:5      | Noticed Edmund
  3539 | D:5      | Killed Edmund
  3746 | D:5      | Found Zagoabu's Antique Weapon Boutique.
  3754 | D:5      | Bought a twisted falchion for 136 gold pieces
  3754 | D:5      | Identified the +1 falchion "Ufokeu" {flame, MR+} (You bought it in a shop on level 5 of the Dungeon)
  3811 | D:5      | Noticed Grinder
  3831 | D:5      | Paralysed by Grinder for 3 turns
  3837 | D:5      | Killed Grinder
  3837 | D:5      | Reached ** piety under Okawaru
  3837 | D:5      | Reached skill level 5 in Long Blades
  3837 | D:5      | Reached XP level 8. HP: 54/61 MP: 8/8
  3942 | D:5      | Reached skill level 1 in Stealth
  3997 | D:5      | Found a deep blue altar of Sif Muna.
  4055 | D:6      | Found a hazy altar of Hepliaklqana.
  4057 | D:6      | Reached skill level 5 in Shields
  4067 | D:6      | Reached skill level 5 in Armour
  4108 | D:6      | Found a staircase to the Ecumenical Temple.
  4113 | D:6      | Noticed Pikel
  4127 | D:6      | Splashed by Pikel's acid

Skill      XL: |  1  2  3  4  5  6  7  8 |
---------------+-------------------------+-----
Long Blades    | 2 3 4 5 |  5.9
Shields        | 3 4 5 |  5.2
Armour         | 3 4 5 |  5.0
Dodging        | 1 |  1.5
Fighting       | 4 |  4.4
Stealth        | 1 |  1.0

Action                   |  1- 3 |  4- 6 |  7- 9 || total
-------------------------+-------+-------+-------++-------
Melee: Long sword        |   136 |   198 |    48 ||   382
       Falchion          |       |       |    53 ||    53
  Use: Scroll            |       |    11 |     1 ||    12
       Potion            |       |       |     1 ||     1
  Eat: Chunk             |     1 |     8 |     3 ||    12
Armor: Scale mail        |    99 |    68 |       ||   167
       Plate armour      |       |    55 |    56 ||   111
Dodge: Dodged            |    44 |    50 |     7 ||   101
Block: Shield            |    77 |    96 |    43 ||   216
       Rpst.: Long sword |    17 |    19 |     2 ||    38
